 Dungeon Crawl Stone Soup version bcrawl-1.17.3 (webtiles) character file.

Game seed: 16520877993566177625

4 wazuzu the Magician (level 1, 0/14 HPs)
             Began as an Oni Wizard on Oct 19, 2019.
             Slain by a leopard gecko (2 damage)
             ... on level 1 of the Dungeon.
             The game lasted 00:01:52 (84 turns).

wazuzu the Magician (Oni Wizard)                      Turns: 84, Time: 00:01:53

Health: 0/14       AC:  2    Str: 10    XL:     1   Next: 70%
Magic:  0/5        EV: 12    Int: 19    God:
Gold:   0          SH:  0    Dex:  9    Spells: 3/4 levels left

rFire    . . .     SeeInvis .   a - +0 staff
rCold    . . .     Gourm    .   (no shield)
rNeg     . . .     Faith    .   b - +0 animal skin
rPois    .         Spirit   .   c - +0 hat
rElec    .         Reflect  .   (no cloak)
rCorr    .         Harm     .   (no gloves)
MR       .....                  (no boots)
Stlth    ++........             (no amulet)
HPRegen  0.04/turn              (no ring)
MPRegen  0.09/turn              (no ring)

@: very slightly contaminated
A: oni magic, claws 1, fangs 1, horns 1
a: no special abilities


You were on level 1 of the Dungeon.
You were not hungry.

You visited 1 branch of the dungeon, and saw 1 of its levels.


Innate Abilities, Weirdness & Mutations

You learn spells by gaining experience, not through books or religion.
You only train spellcasting to practice magic.
You have sharp fingernails.
You have very sharp teeth.
You have a pair of small horns on your head.


   Skills:
 - Level 1.7 Dodging
 - Level 1.7 Stealth
 + Level 2.4 Spellcasting


You had 3 spell levels left.
You knew the following spells:

 Your Spells              Type           Power        Failure   Level  Hunger
a - Magic Dart            Conj           ##..         5%          1    #......

Your spell library contained the following spells:

 Spells                   Type           Power        Failure   Level  Hunger
 Slow                     Hex            ##......     5%          1    #......
 Blink                    Tloc           N/A          8%          2    ##.....
 Call Imp                 Summ           ##......     8%          2    ##.....
 Conjure Flame            Conj/Fire      ##......     19%         3    ###....
 Mephitic Cloud           Conj/Pois/Air  ##......     19%         3    ###....


Dungeon Overview and Level Annotations

Branches:
Dungeon (1/12)

Altars:

Inventory:

Hand Weapons
 a - a +0 staff (weapon)
Armour
 b - a +0 animal skin (worn)
 c - a +0 hat (worn)
Potions
 g - a potion of curing {unknown}
Comestibles
 d - 3 chunks of flesh {@w1}
 f - a ration {!d}

#..# #..# #..# #..#
#..# #####..#####
#..........#
##l###.# #. #@#....#
#.# ##.#...#
++++++#.# ###...###
+....+..# #.......#
+....+..# #.......#
+.<..+..# #.......#
+....+..######...###
++'+++.......#...#
#..%.....%.......#


You could see a leopard gecko.


Message History

Found a robe.
A jackal comes into view.
A jackal is nearby!
Casting: Magic Dart (safe; 5% risk of failure)
Aiming: Magic Dart (safe; 5% risk of failure)
Aim: a jackal (resting)
The magic dart hits the jackal.
The jackal barks!
You hear a bark!
A leopard gecko comes into view.
Casting: Magic Dart (safe; 5% risk of failure)
Aiming: Magic Dart (safe; 5% risk of failure)
Aim: a jackal You miscast Magic Dart.
You are very lightly contaminated with residual magic.
Nothing appears to happen.
Casting: Magic Dart (safe; 5% risk of failure)
Aiming: Magic Dart (safe; 5% risk of failure)
Aim: a jackal The magic dart hits the jackal.
The jackal is almost dead.
A jackal comes into view.
Casting: Magic Dart (safe; 5% risk of failure)
Aiming: Magic Dart (safe; 5% risk of failure)
Aim: a jackal (almost dead)
The magic dart hits the jackal.
The jackal is almost dead.
You hit the jackal but do no damage.
The jackal is almost dead.
The jackal bites you. The jackal barely misses you.
You closely miss the jackal.
The jackal is almost dead.
The jackal bites you.
You hit the jackal but do no damage.
The jackal is almost dead.
The jackal closely misses you. x2
You hit the jackal.
You kill the jackal!
The jackal barely misses you.
You closely miss the jackal.
The jackal bites you but does no damage.
The jackal bites you.
Casting: Magic Dart (safe; 5% risk of failure)
Aiming: Magic Dart (safe; 5% risk of failure)
Aim: a jackal The magic dart hits the jackal.
The jackal misses you.
You hit the jackal.
The jackal is lightly wounded.
The jackal bites you.
The jackal bites you but does no damage.
You hit the jackal.
The jackal is heavily wounded.
The jackal closely misses you.
You miss the jackal.
The jackal is heavily wounded.
The jackal bites you.
* * * LOW HITPOINT WARNING * * *
The jackal barely misses you.
Casting: Magic Dart (safe; 5% risk of failure)
Aiming: Magic Dart (safe; 5% risk of failure)
Aim: a jackal (heavily wounded)
The magic dart hits the jackal.
You kill the jackal!
The leopard gecko bites you.
* * * LOW HITPOINT WARNING * * *
You completely miss the leopard gecko. The leopard gecko bites you.
* * * LOW HITPOINT WARNING * * *
You hit the leopard gecko.
The leopard gecko is almost dead.
The leopard gecko barely misses you. The leopard gecko bites you.
You die...

Action                   || total
-------------------------++-------
Melee: Staff             ||    12
 Cast: Magic Dart        ||     9
 Stab: Sleeping          ||     1
Armor: Animal skin       ||     3
Dodge: Dodged            ||     8

Levels and vault maps discovered:
D:1:      lightli_arrival_maybe_door_vault, layout_loops_ring

Notes
Turn   | Place    | Note
-------+----------+-------------------------------------------
     0 | D:1      | wazuzu the Oni Wizard began the quest for the Orb.
     0 | D:1      | Reached XP level 1. HP: 14/14 MP: 5/5
    83 | D:1      | HP: 2/14 [leopard gecko (3)]
    84 | D:1      | Slain by a leopard gecko

Vanquished Creatures
  A hobgoblin (D:1)
  2 jackals (D:1)
  A bat (D:1)
4 creatures vanquished.
